 Dungeon Crawl Stone Soup version 0.28-a0-1038-g9c4cb8273d (webtiles) character file.

Game seed: 4471778636999322804

8 garbled the Chopper (level 2, -1/16 HPs)
             Began as a Vine Stalker Monk on Dec 8, 2021.
             Slain by a kobold (17 damage)
             ... on level 1 of the Dungeon.
             The game lasted 00:01:59 (840 turns).

garbled the Chopper (Vine Stalker Monk)              Turns: 840, Time: 00:01:59

Health: -1/16      AC:  5    Str: 13    XL:     2   Next: 8%
Magic:  0/3        EV: 11    Int: 10    God:
Gold:   14         SH:  0    Dex: 16    Spells: 1/1 levels left

rFire   . . .      SeeInvis .   a - +0 hand axe
rCold   . . .      Faith    .   (no shield)
rNeg    . . .      Spirit   +   d - +0 ring mail
rPois   .          Reflect  .   (no helmet)
rElec   .          Harm     .   (no cloak)
rCorr   .          Rampage  .   (no gloves)
Will    .....                   (no boots)
Stlth   ++........              (no amulet)
HPRegen 0.05/turn               (no ring)
MPRegen 0.08/turn               (no ring)

@: no status effects
A: fangs 2, magic shield, antimagic bite, no potion heal 2
a: no special abilities


You were on level 1 of the Dungeon.
You visited 1 branch of the dungeon, and saw 1 of its levels.

You collected 14 gold pieces.

Inventory:

Hand Weapons
 a - a +0 hand axe (weapon)
Missiles
 e - 21 stones (quivered)
Armour
 b - a +0 robe
 d - a +0 ring mail (worn)
Scrolls
 f - 2 scrolls of identify {unknown}
 g - 2 scrolls of teleportation {unknown}
Potions
 c - 2 potions of heal wounds {unknown}
 h - a potion of lignification {unknown}
 i - a potion of attraction {unknown}


   Skills:
 + Level 2.8 Fighting
 * Level 3.0 Axes
 + Level 0.3 Armour
 - Level 2.4 Dodging
 - Level 2.4 Stealth


You had one spell level left.
You didn't know any spells.
Your spell library contained the following spells:

 Spells                   Type           Power      Damage    Failure   Level
 Freeze                   Ice            0%         1d3       63%         1
 Slow                     Hex            0%         N/A       63%         1
 Confusing Touch          Hex            0%         N/A       94%         3
 Frozen Ramparts          Ice            0%         1d2       94%         3
 Hailstorm                Conj/Ice       0%         3d3       100%        4
 Yara's Violent Unravell  Hex/Tmut       0%         3d3       100%        5


Dungeon Overview and Level Annotations

Branches:
Dungeon (1/15)

Altars:


Innate Abilities, Weirdness & Mutations

You have extremely sharp teeth.
When hurt, damage is shared between your health and your magic reserves.
Your bite disrupts and absorbs the magic of your enemies.
Potions cannot restore your health.


Message History

The frilled lizard bites you but does no damage.
You barely miss the frilled lizard.
The frilled lizard is heavily wounded.
The frilled lizard bites you but does no damage.
Your ring mail prevents you from hitting the frilled lizard.
The frilled lizard is heavily wounded.
The frilled lizard bites you but does no damage.
You barely miss the frilled lizard. Your bite misses the frilled lizard.
The frilled lizard is heavily wounded.
The frilled lizard barely misses you.
The frilled lizard bites you but does no damage.
You miss the frilled lizard.
The frilled lizard is heavily wounded.
The frilled lizard bites you.
You closely miss the frilled lizard.
The frilled lizard is heavily wounded.
The frilled lizard closely misses you.
You hit the frilled lizard.
You kill the frilled lizard!
Your Axes skill increases to level 3!
No target in view!
No target in view!
There is an open door here.
The rat twitches its whiskers.
The rat barely misses you.
You hit the rat.
You kill the rat!
No target in view!
No target in view!
g - 2 scrolls labelled BIPOUP JOGG You now have 14 gold pieces.
h - a lumpy brown potion
i - a bubbling brown potion A kobold comes into view.
It is wielding a +0 whip of electrocution.
The kobold shouts!
You barely miss the kobold. You bite the kobold. You drain its power.
The kobold is moderately wounded.
The kobold hits you but does no damage.
You are electrocuted!!
Ouch! That really hurt!
You die...

##+######'## #.
#.....†....# .#
#..........# ..
#..........#
.##..........#
..#..........#
######.##.........#
+....K..+.........#
#@##.........#
##..#.........#
#........######
#........#
#........#
#........#
#........#
#........#
####.....#


You could see a kobold.

Vanquished Creatures
  2 hobgoblins (D:1)
  A quokka (D:1)
  A ball python (D:1)
  2 frilled lizards (D:1)
  2 kobolds (D:1)
  A rat (D:1)
9 creatures vanquished.

Notes
Turn   | Place    | Note
-------+----------+-------------------------------------------
     0 | D:1      | garbled the Vine Stalker Monk began the quest for the Orb.
     0 | D:1      | Reached XP level 1. HP: 11/11 MP: 2/2
   520 | D:1      | Found a faded altar of an unknown god.
   660 | D:1      | Reached XP level 2. HP: 12/16 MP: 0/3
   776 | D:1      | Reached skill level 3 in Axes
   840 | D:1      | Slain by a kobold

Illustrated notes

Levels and vault maps discovered:
D:1:      dpeg_arrival_rooms_b, layout_basic,
          chequers_ecumenical_altar_simple_redux, chequers_garden

Skill      XL: |  1  2 |
---------------+-------+-----
Axes           | 3 |  3.0
Fighting       | |  2.8
Armour         | |  0.3
Dodging        | |  2.4
Stealth        | |  2.4

Action                   || total
-------------------------++-------
Melee: Hand axe          ||    30
       Bite              ||     5
Armor: Ring mail         ||    10
Dodge: Dodged            ||    12

Table legend: (Time is in decaauts)
 A = Elapsed time spent in this place.
 B = Non-inter-level travel time spent in this place.
 C = Inter-level travel time spent in this place.
 D = Time resting spent in this place.
 E = Time spent auto-exploring this place.
 F = Levels seen in this place.
 G = Mean time per level.
                   A        B        C        D        E       F      G
               +--------+--------+--------+--------+--------+-----+--------+
         Total |    844 |    844 |      0 |     40 |    674 |   1 |  844.0 |
       Dungeon |    844 |    844 |      0 |     40 |    674 |   1 |  844.0 |
               +--------+--------+--------+--------+--------+-----+--------+

Top non-repeatable levels by time:
     D:1: 844 daAuts
